 Dungeon Crawl Stone Soup version 0.17-a0-1979-g1c74939 (webtiles) character file.

5868 kae the Severer (level 10, 0/115 HPs)
             Began as a Hill Orc Fighter on Oct 5, 2015.
             Was a Believer of Makhleb.
             Killed from afar by Fannar (24 damage)
             ... with a bolt of cold
             ... on level 10 of the Dungeon.
             The game lasted 00:11:32 (10371 turns).

kae the Severer (Hill Orc Fighter)                 Turns: 10371, Time: 00:11:32

Health: 0/115      AC: 25    Str: 22    XL:     10   Next: 81%
Magic:  10/10      EV:  2    Int:  8    God:    Makhleb [**....]
Gold:   356        SH:  0    Dex: 11    Spells: 0 memorised, 9 levels left

rFire  . . .     SeeInvis .     b - +0 battleaxe (freeze)
rCold  . . .     Clarity  .     (armour currently unavailable)
rNeg   + + +     SustAt   +     (no shield)
rPois  +         Gourm    .     (helmet currently unavailable)
rElec  .         Spirit   .     (cloak currently unavailable)
rCorr  .         Warding  .     (gloves currently unavailable)
rMut   .         NoTele   +     (boots currently unavailable)
MR     .....                    (no amulet)
Stlth  +.........               C - ring of sustain attributes
                                D - +1 ring of evasion

@: tree-form, very slightly contaminated, invisible, not resistant to hostile
enchantments, very unstealthy
A: no striking features
a: Minor Destruction, Renounce Religion


You were on level 10 of the Dungeon.
You worshipped Makhleb.
Makhleb was pleased with you.
You were not hungry.
You were a tree.
You visited 2 branches of the dungeon, and saw 11 of its levels.
You also visited: Ossuary.

You collected 501 gold pieces.
You spent 145 gold pieces at shops.

Inventory:

Hand Weapons
 a - a +0 war axe
 b - a +0 battleaxe of freezing (weapon)
 y - a +4 broad axe of electrocution
 L - a cursed +1 hand axe
Armour
 c - a +0 shield
 M - a +0 scale mail (melded)
Jewellery
 C - a ring of sustain attributes (right branch)
 D - a +1 ring of evasion (left branch)
Wands
 m - a wand of fireball (15)
 t - a wand of frost (20)
 B - a wand of confusion (25)
 E - a wand of flame (27)
 G - a wand of magic darts (21)
 J - a wand of fire (3)
Scrolls
 j - 3 scrolls of teleportation
 k - 5 scrolls of remove curse
 o - a scroll of magic mapping
 x - 7 scrolls of identify
 K - 2 scrolls of acquirement
Potions
 d - 5 potions of might
 h - 2 potions of ambrosia
 i - a potion of cure mutation
 n - 2 potions of mutation
 p - 3 potions of magic
 s - a potion of berserk rage {unknown}
 u - 2 potions of cancellation
 v - 3 potions of brilliance
 z - 3 potions of resistance
 A - 3 potions of curing
 I - a potion of haste
 O - a potion of agility {unknown}
Books
 F - a Young Poisoner's Handbook

   Spells                             Type                      Level
   a - Sting                          Conjuration/Poison           1
   b - Cure Poison                    Poison                       2
   c - Mephitic Cloud                 Conjuration/Poison/Air       3
   d - Olgreb's Toxic Radiance        Poison                       4
   e - Venom Bolt                     Conjuration/Poison           5
 H - a book of Frost

   Spells                             Type                      Level
   a - Freeze                         Ice                          1
   b - Throw Frost                    Conjuration/Ice              2
   c - Ozocubu's Armour               Charms/Ice                   3
   d - Throw Icicle                   Conjuration/Ice              4
   e - Summon Ice Beast               Ice/Summoning                4
   f - Condensation Shield            Ice                          4
Comestibles
 e - 5 bread rations
 l - 4 meat rations
 q - 4 beef jerkies
 r - 2 royal jellies
 N - 7 slices of pizza


   Skills:
 - Level 3.6 Fighting
 + Level 18.9 Axes
 - Level 3.2 Armour
 - Level 3.2 Shields


You had 9 spell levels left.
You didn't know any spells.

Dungeon Overview and Level Annotations

Branches:
Dungeon (10/15)            Temple (1/1) D:7             Orc (0/4) D:9
   Lair: D:8-11

Altars:
Ashenzari
Cheibriados
Dithmenos
Elyvilon
Fedhas
Gozag
Kikubaaqudgha
Makhleb
Nemelex Xobeh
Okawaru
Qazlal
Ru
Sif Muna
Trog
Vehumet
Xom
Yredelemnul
Zin
The Shining One

Shops:
D:4 (((=

Annotations:
D:10 Fannar


Message History

You kill the jelly!
Makhleb accepts your kill.
You barely miss the ice beast.
The ice beast is severely wounded.
The ice beast hits you but does no damage.
You barely miss the ice beast.
The ice beast is severely wounded.
You hit the ice beast but do no damage.
The ice beast is severely wounded.
The ice beast hits you.
* * * LOW HITPOINT WARNING * * *
The ice beast freezes you!
* * * LOW HITPOINT WARNING * * *
Unknown command.
You slice the ice beast!!
You kill the ice beast!
You cannot move.
Fannar points at you and mumbles some strange words.
Helpless, you fail to dodge the bolt of cold.
You die...

#....... #.......
###############.(.(.).
...........).(.......
###.#.##########....##
+...................+.
#####.##########....#.
#...#.# #.......#.
#..♣# #.....###.
#......## #.....####
....e.. #.....#...
#.##... #.....#... #
..... #.....#...
###... ########## #...
### #... #.. #.#


You could see Fannar.

Vanquished Creatures
  Pikel (D:6)
  Sigmund (D:2)
  A human (D:9)
  A wyvern (D:9)
  Eustachio (D:6)
  2 hungry ghosts
  4 vampire mosquitoes (D:9)
  Menkaure (D:6)
  4 slaves (D:6)
  Duvessa (D:6)
  3 sky beasts
  2 orc warriors
  A phantom (D:9)
  5 centaurs
  5 ogres
  A necrophage (D:5)
  A wasp (D:9)
  3 giant frogs
  Dowan (D:6)
  3 water moccasin zombies (Ossuary)
  A wyvern skeleton (D:8)
  2 scorpions
  4 jellies
  7 wights
  2 quasits (D:5)
  A giant frog zombie (D:8)
  A centaur skeleton (D:4)
  2 centaur zombies
  3 orc priests
  2 crimson imps
  2 hounds
  4 iguanas
  A gnoll shaman (D:8)
  4 worker ants
  5 orc wizards
  Natasha (twice) (D:2)
  A giant frog skeleton (D:5)
  4 sheep (D:9)
  A killer bee zombie (D:10)
  3 big kobold zombies (Ossuary)
  A hound zombie (D:8)
  2 mummies (Ossuary)
  2 hound skeletons
  Robin (D:2)
  10 gnolls
  8 adders
  2 shadow imps (D:5)
  2 oozes
  A worm (D:2)
  5 adder zombies (Ossuary)
  24 orcs
  5 bats
  5 giant cockroaches
  11 goblins
  8 hobgoblins
  4 jackals
  7 kobolds
  7 quokkas
  A ball python (D:5)
  6 giant geckos
  A giant gecko zombie (D:5)
  3 gnoll zombies (Ossuary)
  11 hobgoblin zombies (Ossuary)
  4 kobold zombies (Ossuary)
  5 orc zombies (Ossuary)
  A quokka skeleton (D:5)
  7 rats
238 creatures vanquished.

Vanquished Creatures (others)
  4 orcs (D:6)
4 creatures vanquished.

Grand Total: 242 creatures vanquished

Notes
Turn   | Place    | Note
--------------------------------------------------------------
     0 | D:1      | kae the Hill Orc Fighter began the quest for the Orb.
     0 | D:1      | Reached XP level 1. HP: 19/19 MP: 1/1
   165 | D:1      | Reached XP level 2. HP: 24/26 MP: 2/2
   336 | D:1      | Reached skill level 4 in Axes
   342 | D:1      | Found a glowing golden altar of the Shining One.
   480 | D:1      | You fall through a shaft!
   480 | D:2      | Noticed Natasha
   490 | D:2      | Killed Natasha
   490 | D:2      | Reached skill level 5 in Axes
   490 | D:2      | Reached XP level 3. HP: 10/31 MP: 3/3
  1266 | D:2      | Found a sacrificial altar of Ru.
  1351 | D:2      | Noticed Robin
  1357 | D:2      | Reached XP level 4. HP: 28/39 MP: 4/4
  1366 | D:2      | Killed Robin
  1661 | D:2      | Noticed Natasha
  1665 | D:2      | Killed Natasha
  1665 | D:2      | Reached skill level 6 in Axes
  1960 | D:2      | Noticed Sigmund
  1992 | D:2      | Killed Sigmund
  1992 | D:2      | Reached skill level 8 in Axes
  1992 | D:2      | Reached XP level 5. HP: 10/45 MP: 5/5
  1992 | D:2      | Reached XP level 6. HP: 11/51 MP: 6/6
  2634 | D:3      | Reached skill level 9 in Axes
  2833 | D:3      | Found an ancient bone altar of Kikubaaqudgha.
  2886 | D:3      | Reached XP level 7. HP: 13/57 MP: 7/7
  3198 | D:3      | Reached skill level 10 in Axes
  3410 | D:4      | Found a sand-covered staircase.
  3427 | Ossuary  | Entered an ossuary
  3726 | Ossuary  | Reached skill level 11 in Axes
  4138 | D:4      | Found Kokohoph's Antique Weapon Boutique.
  4141 | D:4      | Bought a glowing broad axe for 112 gold pieces
  4171 | D:4      | Found Wuddeoxu's Weapon Emporium.
  4177 | D:4      | Found Mixeuwk's Antique Weapon Emporium.
  4180 | D:4      | Reached XP level 8. HP: 58/64 MP: 8/8
  4199 | D:4      | Found a shimmering altar of Xom.
  4202 | D:4      | Found a shimmering altar of Xom.
  4242 | D:4      | Found Xunidgh's Jewellery Shop.
  4250 | D:4      | Bought a +1 ring of evasion for 33 gold pieces
  4264 | D:4      | Found a shimmering altar of Xom.
  4265 | D:4      | Found a shimmering altar of Xom.
  4265 | D:4      | Found a shimmering altar of Xom.
  4266 | D:4      | Found a shimmering altar of Xom.
  4402 | D:5      | Entered Level 5 of the Dungeon
  4524 | D:5      | Found a white marble altar of Elyvilon.
  4532 | D:5      | Reached skill level 12 in Axes
  4929 | D:5      | Reached skill level 13 in Axes
  5680 | D:6      | Noticed Menkaure
  5686 | D:6      | Killed Menkaure
  5686 | D:6      | Reached skill level 14 in Axes
  5686 | D:6      | Reached XP level 9. HP: 36/70 MP: 9/9
  5933 | D:6      | Noticed Pikel
  5934 | D:6      | Noticed Eustachio
  5934 | D:6      | Noticed Duvessa
  5936 | D:6      | Noticed Dowan
  5939 | D:6      | Killed Pikel
  5944 | D:6      | Killed Eustachio
  5944 | D:6      | Reached skill level 15 in Axes
  5950 | D:6      | Killed Duvessa
  5962 | D:6      | Killed Dowan
  6551 | D:7      | Found a sacrificial altar of Ru.
  6740 | D:7      | Reached skill level 16 in Axes
  7026 | D:7      | Found a staircase to the Ecumenical Temple.
  7151 | Temple   | Entered the Ecumenical Temple
  7382 | Temple   | Became a worshipper of Makhleb the Destroyer
  7788 | D:8      | Reached XP level 10. HP: 62/77 MP: 10/10
  7857 | D:8      | Found a bloodstained altar of Trog.
  7857 | D:8      | Found a stormy altar of Qazlal.
  7908 | D:8      | Reached skill level 17 in Axes
  7911 | D:8      | Acquired Makhleb's first power
  8792 | D:9      | Found a staircase to the Orcish Mines.
  9301 | D:9      | Acquired Makhleb's second power
  9371 | D:9      | Identified 3 scrolls of acquirement
  9413 | D:9      | Reached skill level 18 in Axes
  9727 | D:9      | Found a glowing golden altar of the Shining One.
  9837 | D:10     | Entered Level 10 of the Dungeon
 10326 | D:10     | Noticed Fannar
 10371 | D:10     | Killed from afar by Fannar

Vault maps used:
D:1:      matt_arrival_los_fun, tso_metal_star
D:2:      lemuel_round_altar, kennysheep_generic_room_3, uniq_natasha,
          uniq_robin, uniq_sigmund
D:3:      old_standard_altar
D:4:      xom_redecorated, serial_shops, shop, shop, shop, kennysheep_mini_moat,
          nicolae_ossuary_entry_plus
D:5:      old_standard_altar, first_bread
D:6:      uniq_eustachio, uniq_pikel, uniq_menkaure, uniq_duvessa
D:7:      minmay_temple_entry_statues_pillars, basic_altar
D:8:      gammafunk_temple_overflow_statue
D:9:      nicolae_overflow_crystal_walls, orc_0_dummy, grunt_livestock,
          spider_trap
D:10:     uniq_fannar
Temple:   chambers_temple_12
Ossuary:  ossuary_tomb_2

Action                   |  1- 3 |  4- 6 |  7- 9 | 10-12 || total
-------------------------+-------+-------+-------+-------++-------
Melee: War axe           |    86 |   170 |   144 |       ||   400
       Broad axe         |       |       |   166 |   128 ||   294
       Battleaxe         |       |       |       |   106 ||   106
  Use: Potion            |       |     1 |     2 |     6 ||     9
       Scroll            |       |       |    17 |     2 ||    19
 Stab: Distracted        |       |       |     1 |       ||     1
       Invisible         |       |       |       |     9 ||     9
  Eat: Chunk             |       |     6 |    11 |     5 ||    22
       Royal jelly       |       |       |     2 |       ||     2
       Pizza             |       |       |     1 |       ||     1
       Bread ration      |       |       |       |     1 ||     1
